NCommander, chaotic male elven Wizard 5 5 A 4 @ 5 AV@ ----- 5 aa|aa.@A A Aa--&@D- @ --@@@@| -&Aa--- 5 @@A @@aaa| ----- NCommander the Sorcerer Experience level: 18 Strength: 25 Dexterity: 18 Constitution: 16 Intelligence: 24 Wisdom: 23 Charisma: 10 Health: 0(79) Energy: 269(294) Def: 42 Gold: 76 Moves: 49202 Dungeon seed: 36TKWzSFdSwss1Um Game ID: NCommander_1475441606 Your Inventory: Coins $ - 76 gold pieces Amulets v - the blessed Eye of the Aethiopica (being worn) J - the uncursed Amulet of Yendor named real K - an uncursed amulet of life saving Weapons w - the blessed rustproof +5 Magicbane Z - a blessed +0 war hammer Armor e - a blessed +5 pair of gauntlets of power (being worn) n - a blessed +5 pair of jumping boots (being worn) r - a blessed +4 silver dragon scale mail (being worn) y - a blessed greased thoroughly burnt +4 robe (being worn) I - a blessed greased corroded +4 helm of brilliance (being worn) N - a cursed -3 pair of water walking boots Comestibles x - 2 uncursed lizard corpses C - 4 uncursed food rations R - an uncursed partly eaten food ration S - a blessed partly eaten chickatrice corpse (weapon in hand) Spellbooks g - the uncursed Book of the Dead Potions G - an uncursed potion of gain ability Rings m - an uncursed ring of free action (on right hand) H - an uncursed ring of levitation (on left hand) V - an uncursed ring of slow digestion Wands a - an uncursed wand of teleportation (0:8) d - an uncursed wand of death (0:5) k - an uncursed wand of wishing (1:0) o - an uncursed wand of digging (0:4) q - an uncursed wand of opening (0:6) t - an uncursed wand of teleportation (0:5) u - an uncursed wand of digging (0:5) B - an uncursed wand of death (0:0) D - an uncursed rusty wand of sleep (0:6) E - an uncursed wand of digging (0:6) F - an uncursed wand of digging (0:4) L - an uncursed wand of wishing (0:1) M - an uncursed wand of lightning (0:7) O - an uncursed wand of digging (0:3) Y - an uncursed wand of death (0:0) Tools b - the uncursed Bell of Opening (0:1) c - an uncursed magic marker (1:7) f - an uncursed magic marker (1:9) h - the uncursed Candelabrum of Invocation (7 candles attached) (0:196) i - an uncursed rusty skeleton key j - an uncursed rusty stethoscope l - an uncursed magic marker (0:77) s - a blessed bag of holding z - an uncursed towel P - an uncursed +0 unicorn horn Q - an uncursed leather drum T - an uncursed oil lamp (lit) (0:632) Gems X - a blessed luckstone Contents of the bag of holding: 10485 gold pieces an uncursed amulet of life saving an uncursed +2 dagger a blessed +1 dagger an uncursed +0 mummy wrapping an uncursed candy bar an uncursed cram ration 2 uncursed cream pies 4 uncursed fortune cookies 3 uncursed lichen corpses 2 uncursed lizard corpses 2 uncursed melons an uncursed pancake an uncursed pear an uncursed soylent 2 uncursed tins of spinach 2 uncursed tripe rations 4 cursed scrolls of blank paper 2 uncursed scrolls of confuse monster an uncursed scroll of create monster an uncursed scroll of fire a blessed scroll of identify an uncursed scroll of magic mapping a cursed scroll of remove curse an uncursed scroll of scare monster an uncursed scroll of stinking cloud 2 uncursed scrolls of teleportation an uncursed spellbook of dig a blessed spellbook of finger of death named spellbook of death an uncursed spellbook of haste self named h2 an uncursed spellbook of magic mapping an uncursed spellbook of protection named r2 an uncursed potion of acid an uncursed potion of gain ability an uncursed potion of gain level an uncursed potion of healing 2 potions of holy water a blessed potion of sickness an uncursed potion of sickness 2 potions of unholy water an uncursed ring of fire resistance a cursed ring of invisibility named Nazgul #1 a cursed ring of invisibility named Nazgul 2 an uncursed ring of invisibility named Nazgul 3 a cursed ring of invisibility named nazgul ring 4 an uncursed ring of poison resistance a cursed ring of polymorph an uncursed ring of polymorph control an uncursed ring of protection from shape changers an uncursed ring of stealth an uncursed ring of teleportation an uncursed wand of create monster (0:15) an uncursed wand of create monster (0:14) an uncursed wand of create monster (0:14) an uncursed wand of create monster (0:11) an uncursed wand of create monster (0:10) an uncursed wand of enlightenment (0:12) an uncursed wand of speed monster (0:2) an uncursed wand of striking (0:4) an uncursed wand of striking (0:3) an uncursed wand of striking (0:0) a blessed can of grease (0:0) an uncursed magic flute (0:4) an uncursed magic whistle an uncursed tin opener an uncursed +0 unicorn horn an uncursed +0 unicorn horn 2 uncursed amethyst stones a cursed citrine stone 3 uncursed diamonds 2 uncursed emeralds an uncursed garnet stone 2 uncursed rubies an uncursed sapphire an uncursed worthless piece of yellowish brown glass Spells and supernatural/magical abilities: Name Level Category Fail Memory a - force bolt 1* attack 0% 0% d - dig 5 matter 0% 98% h - healing 1 healing 0% 6% i - invisibility 4* escape 0% 0% l - light 1 divination 0% 56% m - magic missile 2 attack 0% 88% n - detect monsters 1 divination 0% 79% p - protection 1 clerical 0% 25% r - remove curse 3* clerical 0% 0% u - confuse monster 2 enchantment 0% 84% v - clairvoyance 3 divination 0% 6% x - extra healing 3 healing 0% 6% z - sleep 1* enchantment 0% 0% B - cure blindness 2* healing 0% 0% E - detect food 2* divination 0% 0% F - finger of death 7 attack 0% 55% G - detect treasure 4 divination 0% 56% H - haste self 3 escape 0% 43% I - identify 3 divination 0% 22% K - cure sickness 3* healing 0% 0% L - levitation 4 escape 0% 25% M - magic mapping 5 divination 0% 6% O - create monster 2 clerical 0% 23% R - restore ability 4 healing 0% 3% S - stone to flesh 3* healing 0% 0% T - turn undead 6 clerical 0% 79% U - detect unseen 3 divination 0% 79% V - teleportitis -- ability ? -- W - pray for help -- divine ? -- Y - supernatural jump -- ability ? -- Your skills at the end: Fighting Skills Weapon Skills dagger [Expert] quarterstaff [Basic] Spellcasting Skills attack spells [Expert] healing spells [Basic] divination spells [Basic] enchantment spells [Basic] clerical spells [Skilled] escape spells [Skilled] matter spells [Basic] Final Attributes: You were the Glory of Arioch. You were piously aligned. You were fire resistant. You were cold resistant. You were sleep resistant. You were shock resistant. You were poison resistant. You were magic-protected. You were invulnerable. You were stunned. You were sick from illness. You saw invisible. You were telepathic. You were warned. You were clairvoyant. You had infravision. You were invisible to others. You could jump. You could teleport. You had teleport control. You were levitating. You were protected. You were fast. You had reflection. You had free action. You were very lucky. You had extra luck. Good luck did not time out for you. You are dead. Vanquished creatures: Asmodeus Orcus Juiblex The Wizard of Yendor (thrice) 2 arch-liches a high priest Medusa Croesus 15 krakens 2 iron golems 2 master liches a glass golem a balrog 6 red dragons 2 white dragons 2 orange dragons 5 black dragons 2 blue dragons 3 green dragons 2 yellow dragons 13 minotaurs The Dark One 2 baluchitheria 5 demiliches Vlad the Impaler a stone golem 5 master mind flayers 9 Olog-hai 4 Nazgul 5 pit fiends 2 sandestins 5 hell hounds 3 titanotheres 6 trappers a baby white dragon a baby green dragon a disenchanter 29 vampire lords 5 shades 5 skeletons 11 aligned priests a captain 3 liches 3 clay golems 7 nurses 7 ice devils 5 nalfeshnees an Aleax a golden naga 10 black puddings 25 vampires 32 ghosts 10 lieutenants a watch captain a wizard a queen bee 3 winged gargoyles a mind flayer 3 giant mimics 2 zruties 6 fire giants 5 ogre kings 2 ice trolls 7 rock trolls 2 umber hulks 3 flesh golems 7 hezrous 7 bone devils 2 large mimics 2 wumpuses 6 fire vortices 4 long worms 4 couatls 8 stalkers 8 air elementals a fire elemental an earth elemental 3 water elementals a hill giant 5 giant mummies 3 black nagas 15 xorns 14 giant zombies 5 elf-lords 17 sergeants 2 barbed devils 9 vrocks 3 salamanders 11 wargs a winter wolf 5 hell hound pups 6 small mimics a glass piercer 2 warhorses 4 steam vortices 6 xans 4 ettin mummies 3 ogre lords 3 quantum mechanics 57 trolls a sasquatch a wood golem an erinys 8 mariliths 4 sharks 8 electric eels 7 gelatinous cubes 3 pyrolisks 4 large dogs a freezing sphere 6 flaming spheres 6 shocking spheres 3 large cats 8 tigers 6 gargoyles 2 dwarf kings 15 tengu 4 ochre jellies 12 leocrottas 5 energy vortices 2 mountain centaurs 3 stone giants an elf mummy 8 human mummies 2 red nagas 2 green slimes 4 pit vipers 3 pythons 10 cobras 37 wraiths 2 carnivorous apes 19 ettin zombies 3 leather golems 4 Grey-elves 117 soldiers 3 horned devils 8 succubi 5 incubi 12 chameleons 4 crocodiles 9 giant beetles 5 quivering blobs 9 cockatrices 7 wolves 7 winter wolf cubs 2 lynxes 5 panthers 16 gremlins 4 spotted jellies 20 leprechauns 5 orc-captains 5 iron piercers 2 mumakil 9 giant spiders 9 scorpions 6 horses 2 ice vortices 11 black lights 63 vampire bats 6 forest centaurs 8 gnome kings 2 orc mummies 4 dwarf mummies 6 ogres 7 brown puddings 6 rust monsters 19 owlbears 3 yetis 2 gold golems 6 werewolves 5 Green-elves 7 piranhas 16 giant eels 12 lizards 4 apprentices 4 chickatrices 8 dogs 9 dingos a housecat 4 jaguars 4 dwarf lords 4 blue jellies 3 white unicorns 2 gray unicorns a black unicorn 3 dust vortices 8 ravens 5 plains centaurs 5 gnome mummies 9 snakes 5 apes 22 human zombies a rope golem 3 Woodland-elves 6 soldier ants 9 fire ants 8 bugbears 6 imps 5 lemures 8 quasits 2 wood nymphs a water nymph 7 mountain nymphs 14 Mordor orcs 14 Uruk-hai 4 orc shamans 8 rock piercers 6 rock moles 9 ponies 6 fog clouds 9 yellow lights 5 shriekers 6 violet fungi 20 gnome lords 9 gnomish wizards 5 kobold mummies 3 red naga hatchlings a guardian naga hatchling 3 gray oozes 4 barrow wights 15 elf zombies 13 ghouls 3 straw golems 2 paper golems 4 jellyfish a baby crocodile 22 giant ants 3 little dogs 17 floating eyes 2 kittens 26 dwarves 11 homunculi 2 kobold lords 5 kobold shamans 38 hill orcs 18 rothes 3 rabid rats 4 centipedes 11 giant bats 4 monkeys 22 orc zombies 16 dwarf zombies a wererat 2 werejackals 10 iguanas 27 killer bees 7 acid blobs 8 coyotes 9 gas spores 10 hobbits 22 manes a large kobold 12 hobgoblins a giant rat 5 cave spiders 2 brown molds 2 yellow molds 4 green molds 6 red molds 72 gnomes 10 garter snakes 15 gnome zombies 11 geckos 19 jackals 4 foxes 8 kobolds 10 goblins 10 sewer rats 10 grid bugs 5 bats 14 lichens 15 kobold zombies 16 newts 2073 creatures vanquished. Genocided species: jellyfish piranhas sharks giant eels electric eels krakens 6 species genocided. Voluntary challenges: You had been an atheist until turn 9143. You used a wielded weapon 4430 times, starting on turn 5. You read items or engraved 863 times, starting on turn 63. You genocided 6 types of monsters, starting on turn 49089. You never polymorphed an object. You never changed form. You used 8 wishes, starting on turn 1099. You did not wish for any artifacts. You split 9 puddings, starting on turn 43203. You wrote Elbereth's name 316 times, starting on turn 64. You violated your moral code, losing 607 points of alignment, starting on turn 4918. Dungeon overview: The Dungeons of Doom: levels 1 to 25 Level 1 a fountain stairs to The Elemental Planes Level 2 a general store, some fountains stairs to The Gnomish Mines Level 3 Level 4 Level 5 some fountains, a sink Level 6 many fountains Level 7 stairs to Sokoban Level 8 a fountain Level 9 an altar to Anhur, a fountain Level 10 Level 11 portal to Fort Ludios Level 12 a fountain, a sink portal to The Quest Level 13 Level 14 Level 15 a fountain Level 16 Level 17 a sink Level 18 a temple to Anhur Level 19 a fountain, a sink Level 20 Level 21 a fountain Level 22 a temple to Ptah, a fountain Level 23 Level 24 Level 25 a fountain Gehennom: levels 26 to 46 Level 26 a temple to Moloch stairs to The Dungeons of Doom Level 27 Level 28 Level 29 a fountain Level 30 Level 31 Level 32 Level 33 Level 34 stairs to Vlad's Tower Level 35 some shops, an altar to Moloch Level 36 Level 37 Level 38 portal to Gehennom Level 39 Level 40 Level 41 portal to Gehennom Level 42 Level 43 Level 44 Level 45 Level 46 The Gnomish Mines: levels 3 to 11 Level 3 stairs to The Dungeons of Doom Level 4 Level 5 many shops, a temple to Ptah, some fountains Level 6 Level 7 Level 8 Level 9 Level 10 Level 11 some fountains The Quest: levels 1 to 6 Level 1 a throne portal to The Dungeons of Doom Level 2 Level 3 Level 4 Level 5 Level 6 a temple to Ptah Sokoban: levels 3 to 6 Level 3 Level 4 Level 5 Level 6 stairs to The Dungeons of Doom Fort Ludios: Level 1 a throne portal to The Dungeons of Doom Vlad's Tower: levels 31 to 33 Level 31 Level 32 Level 33 stairs to Gehennom The Elemental Planes: Astral Plane <- You were here Plane 4 portal to The Elemental Planes Plane 3 portal to The Elemental Planes Plane 2 portal to The Elemental Planes Plane 1 portal to The Elemental Planes History has recorded: On T:1 you entered the Dungeons of Doom to retrieve the Amulet of Yendor! On T:297 you reached level 2 of The Dungeons of Doom. On T:879 you reached level 1 of The Gnomish Mines. On T:939 you advanced to experience level 2. On T:1099 you wished for "2 blessed scrolls of charging". On T:1099 you wished for "blessed greased +2 silver dragon scale mail". On T:1201 you reached level 3 of The Dungeons of Doom. On T:1547 you advanced to experience level 3. On T:1685 you reached level 4 of The Dungeons of Doom. On T:1803 you reached level 5 of The Dungeons of Doom. On T:2200 you advanced to experience level 4. On T:2312 you reached level 6 of The Dungeons of Doom. On T:2824 you advanced to experience level 5. On T:3021 you reached level 7 of The Dungeons of Doom. On T:3182 you reached level 8 of The Dungeons of Doom. On T:3415 you reached level 4 of Sokoban. On T:3694 you advanced to experience level 6. On T:4056 you reached level 3 of Sokoban. On T:4703 you reached level 2 of Sokoban. On T:5426 you reached level 1 of Sokoban. On T:5438 you advanced to experience level 7. On T:7116 you advanced to experience level 8. On T:7867 you reached level 9 of The Dungeons of Doom. On T:10566 you reached level 2 of The Gnomish Mines. On T:10725 you reached level 3 of The Gnomish Mines. On T:11469 you reached level 4 of The Gnomish Mines. On T:11880 you advanced to experience level 9. On T:12064 you reached level 5 of The Gnomish Mines. On T:12210 you reached level 6 of The Gnomish Mines. On T:13219 you reached level 7 of The Gnomish Mines. On T:14042 you reached level 8 of The Gnomish Mines. On T:14703 you reached level 9 of The Gnomish Mines. On T:15669 you advanced to experience level 10. On T:17798 you reached level 10 of The Dungeons of Doom. On T:18874 you reached level 11 of The Dungeons of Doom. On T:18924 you reached level 12 of The Dungeons of Doom. On T:19467 you reached level 13 of The Dungeons of Doom. On T:19942 you reached level 1 of The Quest. On T:20764 you reached level 14 of The Dungeons of Doom. On T:20810 you advanced to experience level 11. On T:21476 you reached level 15 of The Dungeons of Doom. On T:21900 you reached level 16 of The Dungeons of Doom. On T:21997 you reached level 17 of The Dungeons of Doom. On T:22715 you reached level 18 of The Dungeons of Doom. On T:26133 you wished for "magic marker". On T:27622 you advanced to experience level 12. On T:27683 you advanced to experience level 13. On T:27736 you advanced to experience level 14. On T:28345 you advanced to experience level 15. On T:28555 you advanced to experience level 16. On T:31590 you advanced to experience level 17. On T:31709 you embarked upon an epic quest. On T:31797 you reached level 2 of The Quest. On T:31916 you reached level 3 of The Quest. On T:32661 you reached level 4 of The Quest. On T:32957 you reached level 5 of The Quest. On T:33263 you reached level 6 of The Quest. On T:33699 you killed Dark One on level 6 of The Quest. On T:33945 you completed the quest! On T:35026 you reached level 19 of The Dungeons of Doom. On T:35373 you received Magicbane from Anhur. On T:35966 you reached level 20 of The Dungeons of Doom. On T:36316 you reached level 21 of The Dungeons of Doom. On T:36551 you wished for "helm of brilliance". On T:36649 you reached level 22 of The Dungeons of Doom. On T:36661 you reached level 23 of The Dungeons of Doom. On T:37024 you reached level 24 of The Dungeons of Doom. On T:37035 you killed Medusa on level 24 of The Dungeons of Doom. On T:37592 you reached The Castle. On T:37809 you reached Fort Ludios. On T:38461 you killed Croesus in Fort Ludios. On T:39947 you were chosen to steal souls for your god's glory! On T:41731 you reached The Valley of the Dead. On T:42285 you reached level 2 of Gehennom. On T:42336 you reached level 3 of Gehennom. On T:42551 you reached level 4 of Gehennom. On T:42610 you reached level 5 of Gehennom. On T:42617 you reached level 6 of Gehennom. On T:42700 you reached level 7 of Gehennom. On T:42706 you reached level 8 of Gehennom. On T:42770 you reached level 9 of Gehennom. On T:42874 you reached level 10 of Gehennom. On T:42909 you reached level 11 of Gehennom. On T:42924 you reached level 12 of Gehennom. On T:43643 you reached level 13 of Gehennom. On T:43672 you reached level 14 of Gehennom. On T:43692 you reached level 15 of Gehennom. On T:43789 you reached level 16 of Gehennom. On T:43835 you reached level 17 of Gehennom. On T:43852 you reached level 18 of Gehennom. On T:43872 you reached level 19 of Gehennom. On T:43882 you reached level 20 of Gehennom. On T:44495 you killed Orcus on level 9 of Gehennom. On T:44558 you reached level 3 of Vlad's Tower. On T:44617 you reached level 2 of Vlad's Tower. On T:44810 you reached level 1 of Vlad's Tower. On T:44942 you killed Vlad the Impaler on level 1 of Vlad's Tower. On T:44949 you wished for "blessed can of grease". On T:45722 you advanced to experience level 18. On T:46099 you killed Wizard of Yendor on level 11 of Gehennom. On T:46400 you performed the invocation. On T:46401 you reached level 21 of Gehennom. On T:46788 you killed high priestess of Moloch on level 21 of Gehennom. On T:46793 you gained the Amulet of Yendor! On T:47744 you killed Wizard of Yendor on level 3 of Gehennom. On T:47815 you killed Asmodeus on level 3 of Gehennom. On T:48470 you killed Juiblex on level 9 of The Dungeons of Doom. On T:48659 you reached the Plane of Earth. On T:48660 you killed Wizard of Yendor on the Plane of Earth. On T:48667 you wished for "uncursed magic marker". On T:48851 you reached the Plane of Air. On T:48917 you reached the Plane of Fire. On T:49087 you reached the Plane of Water. On T:49088 you wished for "2 blessed scrolls of genocide". On T:49177 you reached the Astral Plane. On T:49198 you wished for "blessed partly eaten chickatrice corpse". Score breakdown: Gold: 10561 (13687 points) Experience: 18 levels (22969 points) Exploration: 46 levels (100.00%) (30000 points) Discoveries: 139 items ( 50.18%) (21251 points) Valuables value: (no points given unless you survive) Artifact value: 27500 (15101 points) Variety of kills: 273 monsters ( 71.65%) (25394 points) Turncount: 49202 turns (-4732 points) Survival: died (score multiplied by 80%) Total score: 98936 Latest messages: Pestilence touches you! You stagger... Pick an object. Never mind. You begin praying to Anhur. You are surrounded by a shimmering light. The guardian Angel of Anhur swings his long sword at the priest of Thoth. The guardian Angel of Anhur hits the priest of Thoth. The guardian Angel of Anhur swings his long sword at the priest of Thoth. The guardian Angel of Anhur hits the priest of Thoth. (2x) The guardian Angel of Anhur casts a spell at the priest of Thoth! The priest of Thoth is hit by a shower of missiles! The priest of Thoth swings his mace at the guardian Angel of Anhur. The priest of Thoth hits the guardian Angel of Anhur. The priest of Thoth misses the guardian Angel of Anhur. The priest of Thoth casts a spell at the guardian Angel of Anhur! The priestess of Moloch casts a spell! The priestess of Moloch summons insects! You die... Final status: Goodbye NCommander the Wizard, killed by a priestess of Moloch, while praying (with the Amulet)... You died in The Astral Plane with 98936 points, and 10561 pieces of gold, after 49202 moves. You were level 18 with a maximum of 79 hit points when you died.